 Dungeon Crawl Stone Soup version 0.27-a0-679-g77a6b55cf3 (webtiles) character file.

Game seed: 8797789562084308162

(classic levelgen) 926 Amnesiac the Covert (level 7, 0/48 HPs)
             Began as a Vampire Enchanter on Mar 18, 2021.
             Was an Initiate of Gozag.
             Shot with an arrow by a centaur (18 damage)
             ... on level 5 of the Dungeon on Mar 19, 2021.
             The game lasted 00:16:38 (4509 turns).

Amnesiac the Covert (Vampire Enchanter)             Turns: 4509, Time: 00:16:39

Health: 0/48       AC:  4    Str:  7    XL:     7   Next: 85%
Magic:  1/13       EV: 13    Int: 20    God:    Gozag
Gold:   683        SH:  0    Dex: 14    Spells: 5/14 levels left

rFire    . . .     SeeInvis +   a - +1 dagger
rCold    . . .     Faith    .   (no shield)
rNeg     . . .     Spirit   .   b - +0 robe
rPois    .         Reflect  .   j - +0 helmet
rElec    .         Harm     .   f - +0 cloak
rCorr    .         Rampage  .   (no gloves)
Will     .....                  (no boots)
Stlth    ++++......             (no amulet)
HPRegen  0.36/turn              (no ring)
MPRegen  0.13/turn              (no ring)

@: regenerating quickly
A: alive, fangs 3, see invisible, unbreathing 1, vampiric 2
a: Exsanguinate, Renounce Religion, Potion Petition, Call Merchant, Bribe Branch


You were on level 5 of the Dungeon.
You worshipped Gozag.
Gozag was pleased with you.
You visited 1 branch of the dungeon, and saw 5 of its levels.

You collected 723 gold pieces.
You paid 40 gold pieces to Gozag.

Inventory:

Hand Weapons
 a - a +1 dagger (weapon)
Armour
 b - a +0 robe (worn)
 f - a +0 cloak (worn)
 j - a +0 helmet (worn)
Jewellery
 e - a ring of flight
Wands
 d - a wand of polymorph (9)
 g - a wand of digging (1)
 n - a wand of flame (11)
Scrolls
 c - a scroll of teleportation {!r}
 h - 2 scrolls of immolation {!r}
 i - a scroll of enchant armour {!r}
 k - a scroll of identify {!r}
 o - a scroll of random uselessness {!r, unknown}
Potions
 l - a potion of ambrosia {!q, unknown}
 m - a potion of flight {!q, unknown}
 p - a potion of attraction {!q, unknown}
 q - a potion of heal wounds {!q}


   Skills:
 + Level 1.5 Fighting
 - Level 4.0 Short Blades
 * Level 3.8 Dodging
 - Level 8.0 Stealth
 - Level 4.0 Spellcasting
 - Level 8.0 Hexes


You had 5 spell levels left.
You knew the following spells:

 Your Spells              Type           Power      Damage    Failure   Level
a - Ensorcelled Hibernat  Hex/Ice        40%        N/A       3%          2
b - Corona                Hex            40%        N/A       1%          1
w - Tukima's Dance        Hex            36%        N/A       1%          3
z - Confusing Touch       Hex            36%        N/A       1%          3

Your spell library contained the following spells:

 Spells                   Type           Power      Damage    Failure   Level
 Dazzling Flash           Conj/Hex       40%        N/A       8%          3
 Magic Dart               Conj           16%        1d3       13%         1
 Searing Ray              Conj           8%         3d3       19%         2
 Fulminant Prism          Conj/Hex       10%        3d9       24%         4
 Iskenderun's Mystic Bla  Conj/Tloc      4%         2d3       77%         4


Dungeon Overview and Level Annotations

Branches:
Dungeon (5/15)             Temple (0/1) D:5

Altars:
Gozag
Okawaru
Qazlal
Ru
Zin


Innate Abilities, Weirdness & Mutations

Your natural rate of healing is unusually fast.
You have razor-sharp teeth.
You have supernaturally acute eyesight. (SInv)
You can survive without breathing.
You are afflicted with vampirism and can become a bat while bloodless.


Message History

Found a staircase to the Ecumenical Temple.
You hit the orc.
The orc is heavily wounded.
The orc hits you with a +0 hand axe!
* * * LOW HITPOINT WARNING * * *
You hit the orc.
You kill the orc!
The jackal becomes distracted by the nearby gold, dreaming of imaginary riches.
The jackal bites you.
* * * LOW HITPOINT WARNING * * *
Things that are here:
4 gold pieces; a +0 dagger; a +0 robe You barely miss the jackal.
The jackal bites you but does no damage.
The jackal barks!
You hit the jackal but do no damage. The jackal bites you.
* * * LOW HITPOINT WARNING * * *
You hit the jackal.
The jackal is heavily wounded.
The jackal barely misses you.
You hit the jackal.
The jackal is almost dead.
The jackal misses you.
You closely miss the jackal.
The jackal is almost dead.
The jackal is no longer distracted by gold.
The jackal bites you but does no damage.
The jackal bites you.
* * * LOW HITPOINT WARNING * * *
You hit the jackal.
You kill the jackal!
You hit the jackal but do no damage. The jackal closely misses you.
The jackal misses you.
Casting: Confusing Touch (safe; 1% risk of failure)
Confirm with . or Enter, or press ? or * to list all spells.
Aiming: Ensorcelled Hibernation (safe; 3% risk of failure)
Press: ? - help, Shift-Dir - straight line, f - jackal
Aim: a jackal (chance to affect: 67%)
The jackal looks drowsy...
A worker ant comes into view.
The helpless jackal fails to defend itself.
You skewer the jackal like a kebab!!!
You kill the jackal!
Found 23 stones.
The worker ant becomes distracted by the nearby gold, dreaming of imaginary riches.
A howler monkey comes into view.
The howler monkey howls!
The howler monkey becomes distracted by the nearby gold, dreaming of imaginary riches.
A centaur comes into view.
The centaur shouts!
You hear a shout!
The centaur wields a +0 shortbow.
The centaur shoots an arrow.
The arrow hits you.
* * * LOW HITPOINT WARNING * * *
The centaur shoots an arrow.
The arrow hits you.
* * * LOW HITPOINT WARNING * * *
Casting: Ensorcelled Hibernation (safe; 3% risk of failure)
Confirm with . or Enter, or press ? or * to list all spells.
Aiming: Ensorcelled Hibernation (safe; 3% risk of failure)
Press: ? - help, Shift-Dir - straight line, f - centaur
Aim: a centaur, wielding a +0 shortbow and quivering arrows (chance to affect: 50%)
The centaur resists with some effort.
The centaur shoots an arrow.
The arrow hits you!!
You die...
Your body crumbles into a pile of gold.

. .....B.####..#.. >.............
.##.#.$....##.... ..............
....#$.........# ###.............
##(..$.......#.###...#...........
...##.....#....##......#.........
##..$...#......#.................
...#..#####......#...###.........
##.#..##.............####........
.........###....@................
.#.##...##.........#####.#..###[.
#...(.##..c......### #....[....
...##.h.............####.....[<..
#. ..(.....................#..)..
. ##....>.#.............#######..
...........##........# #..
........#..###........# ##. .....
.........# #.


You could see a centaur.

Vanquished Creatures
  An ogre (D:5)
  A phantom (D:4)
  2 centaurs (D:4)
  A howler monkey (D:4)
  A bullfrog skeleton (D:4)
  3 orc priests
  A hound (D:3)
  Jessica (D:2)
  6 orc wizards
  Natasha (thrice) (D:2)
  A worker ant (D:3)
  A hound skeleton (D:5)
  Robin (D:3)
  An adder (D:5)
  2 shadow imps (D:5)
  An ooze (D:3)
  A worm (D:4)
  3 dart slugs
  4 leopard geckos
  18 orcs
  6 bats
  4 giant cockroaches
  20 goblins
  6 hobgoblins
  2 jackals (D:5)
  11 kobolds
  A quokka (D:3)
  3 frilled lizards
  4 rats
110 creatures vanquished.

Notes
Turn   | Place    | Note
-------+----------+-------------------------------------------
     0 | D:1      | Amnesiac the Vampire Enchanter began the quest for the Orb.
     0 | D:1      | Reached XP level 1. HP: 13/13 MP: 3/3
   188 | D:2      | Found a stormy altar of Qazlal.
   234 | D:3      | Reached XP level 2. HP: 19/19 MP: 3/5
   331 | D:3      | Reached skill level 5 in Stealth
   672 | D:3      | Found an opulent altar of Gozag.
   678 | D:3      | Became a worshipper of Gozag Ym Sagoz the Greedy
   852 | D:1      | Gained mutation: You are afflicted with vampirism and can
                  | become a bat while bloodless. [Vampire growth]
   852 | D:1      | Reached XP level 3. HP: 24/24 MP: 6/6
   878 | D:1      | Learned a level 3 spell: Confusing Touch
  1540 | D:2      | Found a sacrificial altar of Ru.
  1571 | D:2      | Noticed Natasha
  1585 | D:2      | Killed Natasha
  1586 | D:2      | Reached XP level 4. HP: 21/30 MP: 4/7
  1617 | D:2      | Noticed Natasha
  1639 | D:2      | Killed Natasha
  1686 | D:2      | Learned a level 3 spell: Tukima's Dance
  1839 | D:2      | Noticed Natasha
  1856 | D:2      | Killed Natasha
  1923 | D:2      | Noticed Jessica
  1946 | D:2      | Killed Jessica
  1947 | D:2      | Reached skill level 5 in Hexes
  1947 | D:2      | Reached XP level 5. HP: 35/35 MP: 6/8
  2202 | D:3      | Found an iron altar of Okawaru.
  2217 | D:3      | Noticed Robin
  2818 | D:3      | Killed Robin
  3000 | D:4      | Reached XP level 6. HP: 41/41 MP: 9/9
  3190 | D:4      | Learned a level 2 spell: Ensorcelled Hibernation
  3703 | D:4      | Reached XP level 7. HP: 33/46 MP: 13/13
  3928 | D:5      | Entered Level 5 of the Dungeon
  4257 | D:4      | Reached skill level 1 in Fighting
  4481 | D:5      | Found a staircase to the Ecumenical Temple.
  4509 | D:5      | Shot with an arrow by a centaur

Illustrated notes

Levels and vault maps discovered:
D:1:      scummos_arrival_simple_fountains, layout_basic, minmay_crystal_water
D:2:      layout_loops_cross, old_standard_altar, serial_bayou,
          serial_bayou_pond_d, serial_bayou_crossing, serial_bayou_shore_a,
          serial_bayou_shore_b, nicolae_ru_the_path_less_chosen, uniq_natasha,
          uniq_jessica
D:3:      layout_rooms, pdpol_temple_overflow_zin_treasury_gozag_greed,
          kennysheep_okawaru_gauntlet, uniq_robin
D:4:      layout_gridville, solitary_fountain
D:5:      layout_rooms, lemuel_round_altar, minmay_temple_entry_ruins

Skill      XL: |  1  2  3  4  5  6  7 |
---------------+----------------------+-----
Short Blades   | 2 4 |  4.0
Stealth        | 5 7 8 |  8.0
Hexes          | 5 7 8 |  8.0
Spellcasting   | 4 |  4.0
Fighting       | 1 |  1.5
Dodging        | 3 |  3.8

Action                   |  1- 3 |  4- 6 |  7- 9 || total
-------------------------+-------+-------+-------++-------
Melee: Dagger            |   138 |   240 |    99 ||   477
       Bite              |    11 |    17 |    10 ||    38
 Fire: Hunting sling     |       |    13 |       ||    13
 Cast: Corona            |    35 |    29 |       ||    64
       Confusing Touch   |     1 |    19 |    10 ||    30
       Ensorcelled Hiber |       |     1 |    28 ||    29
       Tukima's Dance    |       |       |     1 ||     1
  Use: Scroll            |     2 |     2 |       ||     4
       Potion            |       |     3 |       ||     3
 Stab: Sleeping          |     6 |     5 |    13 ||    24
       Confused          |     1 |    18 |     9 ||    28
Armor: Robe              |    26 |    39 |    10 ||    75
Dodge: Dodged            |    77 |   113 |    50 ||   240

Table legend: (Time is in decaauts)
 A = Elapsed time spent in this place.
 B = Non-inter-level travel time spent in this place.
 C = Inter-level travel time spent in this place.
 D = Time resting spent in this place.
 E = Time spent auto-exploring this place.
 F = Levels seen in this place.
 G = Mean time per level.
                   A        B        C        D        E       F      G
               +--------+--------+--------+--------+--------+-----+--------+
         Total |   4486 |   4297 |    189 |    724 |   1916 |   5 |  897.2 |
       Dungeon |   4486 |   4297 |    189 |    724 |   1916 |   5 |  897.2 |
               +--------+--------+--------+--------+--------+-----+--------+

Top non-repeatable levels by time:
     D:3: 1357 daAuts
     D:4: 1191 daAuts
     D:2: 924 daAuts
     D:1: 729 daAuts
     D:5: 282 daAuts
